 Dungeon Crawl Stone Soup version 0.22.0-40-g68aacdc4c8 (webtiles) character file.

238 Kaderl the Charmwright (level 6, -1/46 HPs)
             Began as a Human Skald on Sept 1, 2018.
             Slain by Grinder (5 damage)
             ... while paralysed by Grinder
             ... on level 3 of the Dungeon.
             The game lasted 00:17:43 (2739 turns).

Kaderl the Charmwright (Human Skald)                Turns: 2739, Time: 00:17:43

Health: -1/46      AC:  4    Str: 13    XL:     6   Next: 28%
Magic:  4/9        EV:  2    Int: 13    God:
Gold:   167        SH:  0    Dex: 13    Spells: 7/10 levels left

rFire    . . .     SeeInvis .   a - +0 spear
rCold    . . .     Gourm    .   (no shield)
rNeg     . . .     Faith    .   b - +0 leather armour
rPois    .         Spirit   .   (no helmet)
rElec    .         Reflect  .   q - +0 cloak
rCorr    .         Harm     .   (no gloves)
MR       .....                  (no boots)
Stlth    +.........             (no amulet)
HPRegen  0.15/turn              (no ring)
MPRegen  0.11/turn              (no ring)

@: paralysed, infused (expiring), very slightly contaminated
A: no striking features
a: no special abilities


You were on level 3 of the Dungeon.
You were not hungry.

You visited 1 branch of the dungeon, and saw 4 of its levels.

You collected 167 gold pieces.

Inventory:

Hand Weapons
 a - a +0 spear (weapon)
 j - a +0 blowgun
 p - a +3 quarterstaff of chaos
Missiles
 m - 9 poisoned needles
Armour
 b - a +0 leather armour (worn)
 q - a +0 cloak (worn)
Jewellery
 h - a cursed +2 ring of strength {unknown}
 i - an uncursed ring of flight
Scrolls
 c - 3 scrolls of remove curse
 r - a scroll of blinking {unknown}
Potions
 e - a potion of berserk rage {unknown}
 f - 4 potions of curing {unknown}
 g - 2 potions of degeneration {unknown}
 k - a potion of cancellation {unknown}
 l - a potion of mutation {unknown}
 n - a potion of ambrosia {unknown}
 o - 2 potions of heal wounds {unknown}
Comestibles
 d - 2 rations


   Skills:
 + Level 2.7 Fighting
 + Level 3.6 Polearms
 + Level 0.2 Throwing
 + Level 1.9 Armour
 + Level 2.7 Dodging
 + Level 0.6 Stealth
 + Level 2.5 Spellcasting
 + Level 3.9 Charms
 + Level 0.9 Translocations


You had 7 spell levels left.
You knew the following spells:

 Your Spells              Type           Power        Failure   Level  Hunger
a - Infusion              Chrm           ##..         6%          1    #......
b - Shroud of Golubria    Chrm/Tloc      #.........   17%         2    ###....

Your spell library contained the following spells:

 Spells                   Type           Power        Failure   Level  Hunger
 Song of Slaying          Chrm           ##......     9%          2    ###....
 Regeneration             Chrm/Necr      #.........   38%         3    ###....
 Spectral Weapon          Hex/Chrm       #.......     38%         3    ###....


Dungeon Overview and Level Annotations

Branches:
Dungeon (4/15)
 Temple: D:4-7

Altars:
Gozag
Zin

Annotations:
D:3 Grinder


Message History

You hit Grinder.
Grinder is moderately wounded.
Grinder gestures at you.
You suddenly lose the ability to move!
Grinder hits you.
You writhe in agony.
Grinder gestures at you. Pain shoots through your body!
Your shroud unravels.
Grinder gestures at you.
You shrug off the repeated paralysis!
Grinder hits you but does no damage. Grinder hits you!
You writhe in agony.
* * * LOW HITPOINT WARNING * * *
Grinder gestures at you. You resist with significant effort.
Your magical infusion is running out.
Grinder hits you.
* * * LOW HITPOINT WARNING * * *
You writhe in agony.
You die...

#.....##..#.##... #
#.###.##..#.##.#.
#.#####.###.#...#.##.#.
#.................##.#.
####.######..†.........
#......# ####.#######.
#.##.#.# #.# #. #
#.#.## #.# #. #..@.#
##'## #. ###5.# ##...##
#. #. ###..# ##.....##
## #.##.#..###.......##
#
.......##.........####
.......+.........'...
...#.##.........####
.##.###.......## #
#.....##.....##


You could see Grinder.

Vanquished Creatures
  A jelly (D:2)
  An iguana (D:4)
  Crazy Yiuf (D:2)
  Terence (D:3)
  6 adders
  A dart slug (D:3)
  3 leopard geckos
  11 bats
  6 giant cockroaches
  5 goblins
  6 hobgoblins
  2 quokkas (D:2)
  A ball python (D:2)
  5 frilled lizards
  15 kobolds
  A leopard gecko skeleton (D:4)
  9 rats
  A fungus (D:2)
76 creatures vanquished.

Notes
Turn   | Place    | Note
-------+----------+-------------------------------------------
     0 | D:1      | Kaderl the Human Skald began the quest for the Orb.
     0 | D:1      | Reached XP level 1. HP: 16/16 MP: 3/3
    74 | D:1      | Reached XP level 2. HP: 18/22 MP: 0/5
   188 | D:1      | Learned a level 2 spell: Shroud of Golubria
   481 | D:1      | Reached XP level 3. HP: 27/27 MP: 0/6
   731 | D:2      | Reached XP level 4. HP: 21/33 MP: 2/7
   933 | D:2      | Found a glowing silver altar of Zin.
   933 | D:2      | Found an opulent altar of Gozag.
   997 | D:2      | Reached XP level 5. HP: 34/39 MP: 1/8
  1326 | D:2      | Found a runed door.
  1334 | D:2      | Noticed Crazy Yiuf
  1346 | D:2      | Killed Crazy Yiuf
  1478 | D:3      | Noticed Terence
  1788 | D:3      | Killed Terence
  1788 | D:3      | Reached XP level 6. HP: 16/46 MP: 2/9
  2289 | D:3      | Noticed Grinder
  2298 | D:3      | Paralysed by Grinder for 7 turns
  2337 | D:3      | Paralysed by Grinder for 2 turns
  2732 | D:3      | Paralysed by Grinder for 7 turns
  2739 | D:3      | Slain by Grinder

Skill      XL: |  1  2  3  4 |
---------------+-------------+-----
Polearms       | 3 |  3.6
Fighting       | |  2.7
Throwing       | |  0.2
Armour         | |  1.9
Dodging        | |  2.7
Stealth        | |  0.6
Spellcasting   | |  2.5
Charms         | |  3.9
Translocations | |  0.9

Action                   |  1- 3 |  4- 6 || total
-------------------------+-------+-------++-------
Melee: Spear             |   147 |   254 ||   401
 Fire: Blowgun           |       |     4 ||     4
 Cast: Infusion          |     5 |    19 ||    24
       Shroud of Golubri |     3 |    10 ||    13
  Use: Scroll            |     2 |     3 ||     5
 Stab: Sleeping          |       |     1 ||     1
  Eat: Ration            |       |     3 ||     3
Armor: Leather armour    |    33 |    48 ||    81
Dodge: Dodged            |    78 |   141 ||   219
